[Event "Titled Tuesday Blitz February 22 Early 2022"]
[White "Namitbir Singh Walia"]
[Black "Slugin, Sergey"]
[WhiteFideId "35071068"]
[BlackFideId "4122569"]
[WhiteElo "1479"]
[BlackElo "2358"]
[Result "1-0"]
[Round "09"]
[TimeControl "180+1"]
[Date "2022.02.22"]
[WhiteClock "0:00:09"]
[BlackClock "0:00:01"]

1. d4 Nf6 2. c4 c5 3. d5 e6 4. g3 exd5 5. cxd5 d6 6. Bg2 g6 7. Nc3 Bg7 8. Nf3 O-O 9. O-O a6 10. a4 Nbd7 11. Bf4 Ne8 12. Nd2 f5 13. Nc4 Qe7 14. Qd2 Rb8 15. a5 b5 16. axb6 Nxb6 17. Na5 Bd7 18. Nc6 Bxc6 19. dxc6 Be5 20. Rxa6 Kh8 21. Rxb6 Rxb6 22. Nd5 Qd8 23. c7 Nxc7 24. Nxb6 Ne6 25. Bxe5+ dxe5 26. Qxd8 Rxd8 27. Nc4 e4 28. Rc1 Nd4 29. Kf1 Nb3 30. Re1 Rd4 31. Ne3 Rd2 32. Rb1 Nd4 33. Nc4 Rxe2 34. Ne3 Rd2 35. Kg1 Kg7 36. Bf1 Kf6 37. b4 cxb4 38. Rxb4 Nf3+ 39. Kg2 g5 40. Rb6+ Kf7 41. Bc4+ Ke8 42. Nxf5 Ne1+ 43. Kh3 Nf3 44. Be6 Rxf2 45. Rb8# 1-0


[Site "https://www.chess.com"]

[Event "Titled Tuesday Blitz February 22 Early 2022"]
[White "Narayanan.S.L"]
[Black "Talibov, Shiroghlan"]
[WhiteFideId "5058422"]
[BlackFideId "13429078"]
[WhiteElo "2494"]
[BlackElo "2070"]
[Result "0-1"]
[Round "09"]
[TimeControl "180+1"]
[Date "2022.02.22"]
[WhiteClock "0:00:04"]
[BlackClock "0:00:52"]

1. Nf3 f5 2. d3 Nc6 3. d4 Nf6 4. c4 g6 5. d5 Nb8 6. Nc3 Bg7 7. g3 O-O 8. Bg2 a5 9. O-O Na6 10. Nd4 Qe8 11. Bf4 Nh5 12. Be3 e5 13. dxe6 dxe6 14. Ndb5 Qe7 15. Qc1 c6 16. Bg5 Bf6 17. Bxf6 Nxf6 18. Na3 e5 19. Nc2 Be6 20. b3 Rad8 21. Rd1 Qc5 22. Qe3 Qxe3 23. Nxe3 Kf7 24. Nc2 Nc5 25. f4 exf4 26. gxf4 Ke7 27. e3 Rxd1+ 28. Rxd1 Rd8 29. Rxd8 Kxd8 30. Nd4 Kd7 31. Bf3 Kd6 32. Kf2 Bf7 33. Ke2 Nfd7 34. Kd2 Ne6 35. Nce2 Ndc5 36. h4 Nc7 37. h5 Ke7 38. hxg6 hxg6 39. Ng3 Kf6 40. Kc3 Be6 41. a3 Bf7 42. Bd1 Ne8 43. b4 axb4+ 44. axb4 Ne6 45. Bf3 Nxd4 46. Kxd4 Nc7 47. e4 Ne6+ 48. Ke3 Nxf4 49. exf5 g5 50. Bg4 Bxc4 51. Ne4+ Ke5 52. Nxg5 Nd5+ 53. Kd2 Kf4 54. f6 Nxf6 55. Be6 Kxg5 56. Bxc4 Kf4 57. b5 c5 58. b6 Ke5 59. Be2 Kd4 60. Kc1 c4 61. Bf3 Ne4 62. Kc2 Nd6 63. Bg2 Kc5 64. Kc3 Nb5+ 65. Kc2 Kxb6 66. Bd5 Nd6 67. Kc3 Kc5 68. Bg2 b5 69. Kc2 b4 70. Bf1 Nb5 71. Be2 Nd4+ 0-1


[Site "https://www.chess.com"]

[Event "Titled Tuesday Blitz February 22 Early 2022"]
[White "Narayanan, Srinath"]
[Black "Zhigalko, Sergei"]
[WhiteFideId "5018420"]
[BlackFideId "13502956"]
[WhiteElo "2472"]
[BlackElo "2662"]
[Result "0-1"]
[Round "09"]
[TimeControl "180+1"]
[Date "2022.02.22"]
[WhiteClock "0:00:07"]
[BlackClock "0:00:05"]

1. d4 Nf6 2. Nf3 e6 3. Bf4 b6 4. e3 Bb7 5. Nbd2 Nh5 6. Bd3 Be7 7. O-O d6 8. Qe2 O-O 9. c3 c5 10. a4 a6 11. Bg3 Nc6 12. e4 Nxg3 13. hxg3 cxd4 14. cxd4 Nb4 15. Bb1 a5 16. Qe3 Rc8 17. e5 dxe5 18. dxe5 Bc5 19. Qf4 Nd3 20. Qg4 g6 21. Ne4 Bxe4 22. Qxe4 Nxf2 23. Rxf2 Qd1+ 24. Qe1 Bxf2+ 25. Kxf2 Rc1 26. Qxd1 Rxd1 27. Ke2 Rfd8 28. g4 Rh1 29. Nd2 Rd5 30. Nc4 Rdd1 31. Nd2 Rhg1 32. b3 Rc1 33. Kd3 Rxg2 34. Nc4 Rgg1 35. Nd2 Kg7 36. Ke2 h5 37. gxh5 gxh5 38. Ke3 h4 39. Ra2 Rce1+ 40. Kf4 Rxb1 41. Nxb1 Rxb1 42. Rg2+ Kf8 43. Kg5 Rxb3 44. Kxh4 Rb4+ 45. Kg5 Rxa4 46. Rc2 Kg7 47. Rc6 Re4 48. Rxb6 Rxe5+ 49. Kf4 Rf5+ 50. Ke4 Kf6 51. Rb2 Re5+ 52. Kd4 Rf5 53. Rh2 a4 54. Ke4 a3 55. Ra2 Ra5 56. Kd4 Ke7 0-1


[Site "https://www.chess.com"]

[Event "Titled Tuesday Blitz February 22 Early 2022"]
[White "Neiksans, Arturs"]
[Black "Carlsson, Ludvig"]
[WhiteFideId "11601388"]
[BlackFideId "1727010"]
[WhiteElo "2447"]
[BlackElo "2178"]
[Result "0-1"]
[Round "09"]
[TimeControl "180+1"]
[Date "2022.02.22"]
[WhiteClock "0:00:54"]
[BlackClock "0:01:28"]

1. e4 e5 2. Nf3 Nf6 3. Nxe5 d6 4. Nxf7 Kxf7 5. d4 c5 6. Nc3 Nc6 7. Bc4+ Ke8 8. Be3 cxd4 9. Bxd4 Nxd4 10. Qxd4 Qb6 11. Qd3 Bd7 12. O-O Rc8 13. Bb3 Kd8 14. a4 Kc7 15. a5 Qc5 16. a6 b6 17. Kh1 Be7 18. f4 Rhe8 19. e5 dxe5 20. fxe5 Qxe5 21. Rae1 Qd6 22. Qf3 Bc6 23. Nb5+ Bxb5 24. Qb7+ Kd8 25. Rd1 Bxf1 26. Rxd6+ Bxd6 27. Kg1 Bb5 28. c4 Rxc4 29. Qa8+ Rc8 0-1


[Site "https://www.chess.com"]

[Event "Titled Tuesday Blitz February 22 Early 2022"]
[White "Nesterov, Arseniy"]
[Black "Gabdrakhmanov, Azat"]
[WhiteFideId "24198455"]
[BlackFideId "34189197"]
[WhiteElo "2489"]
[BlackElo "2279"]
[Result "1-0"]
[Round "09"]
[TimeControl "180+1"]
[Date "2022.02.22"]
[WhiteClock "0:00:08"]
[BlackClock "0:00:01"]

1. d4 Nf6 2. c4 g6 3. Nc3 Bg7 4. e4 O-O 5. Be2 d6 6. Be3 e5 7. d5 Na6 8. g4 Nc5 9. f3 a5 10. h4 c6 11. h5 cxd5 12. cxd5 Bd7 13. Qd2 Qb8 14. Nh3 b5 15. Nf2 b4 16. Ncd1 Bb5 17. Rc1 Bxe2 18. Qxe2 Nfd7 19. Nd3 Rc8 20. Nxc5 Nxc5 21. Nf2 b3 22. a3 Na4 23. O-O Qb7 24. Nd3 Bf6 25. h6 Bd8 26. Kg2 Bb6 27. Qd2 Bxe3 28. Qxe3 Rc2+ 29. Rf2 Rxc1 30. Qxc1 Qc8 31. Qg5 Qd8 32. Qxd8+ Rxd8 33. Rf1 Rc8 34. Rc1 Rxc1 35. Nxc1 Nxb2 36. Nxb3 a4 37. Na5 Kf8 38. Kf2 Nd3+ 39. Ke3 Nc5 40. Nc4 Ke7 41. g5 Nb3 42. Nb2 Nc5 43. Nc4 Nb3 44. f4 exf4+ 45. Kxf4 Nc5 46. e5 dxe5+ 47. Kxe5 Nd3+ 48. Ke4 Nc5+ 49. Kd4 Nb3+ 50. Ke5 Nc1 51. d6+ Kd7 52. Kf6 Ke8 53. Kg7 Nd3 54. Kxh7 1-0


[Site "https://www.chess.com"]

[Event "Titled Tuesday Blitz February 22 Early 2022"]
[White "Novikov, Evgenij"]
[Black "Tsatsalashvili, Keti"]
[WhiteFideId "4125380"]
[BlackFideId "13603434"]
[WhiteElo "2242"]
[BlackElo "2246"]
[Result "1-0"]
[Round "09"]
[TimeControl "180+1"]
[Date "2022.02.22"]
[WhiteClock "0:00:37"]
[BlackClock "0:00:24"]

1. c4 e6 2. Nc3 d5 3. cxd5 exd5 4. d4 Nf6 5. Bg5 c6 6. e3 h6 7. Bh4 Bd6 8. Bd3 Be6 9. Nf3 Nbd7 10. O-O O-O 11. Qc2 Rc8 12. Rae1 Qc7 13. Bg3 Bxg3 14. hxg3 Rfd8 15. e4 dxe4 16. Nxe4 Nxe4 17. Bxe4 Nf6 18. Bf5 Bxf5 19. Qxf5 Rd5 20. Re5 Rcd8 21. Rfe1 Qb6 22. g4 Qxb2 23. g5 hxg5 24. Nxg5 Qxd4 25. Re8+ Rxe8 26. Rxe8+ Nxe8 27. Qxf7+ Kh8 28. Qf8# 1-0


[Site "https://www.chess.com"]

[Event "Titled Tuesday Blitz February 22 Early 2022"]
[White "Nur-Mukhametova, Alisa"]
[Black "Csonka, Balazs"]
[WhiteFideId "54117739"]
[BlackFideId "742910"]
[WhiteElo "2015"]
[BlackElo "2404"]
[Result "0-1"]
[Round "09"]
[TimeControl "180+1"]
[Date "2022.02.22"]
[WhiteClock "0:00:03"]
[BlackClock "0:00:03"]

1. Nf3 e6 2. d4 Nf6 3. g3 b6 4. Bg2 Bb7 5. O-O c5 6. c4 cxd4 7. Nxd4 Bxg2 8. Kxg2 d5 9. Qa4+ Qd7 10. Qxd7+ Kxd7 11. cxd5 Nxd5 12. e4 Nb4 13. Rd1 Ke8 14. a3 N4c6 15. Nb5 Na6 16. N1c3 Rc8 17. Bf4 e5 18. Be3 Nc5 19. b4 Nb3 20. Rab1 Nbd4 21. Bxd4 Nxd4 22. Nxd4 Rxc3 23. Nb5 Rc2 24. Nxa7 Be7 25. Rbc1 Rxc1 26. Rxc1 Kd7 27. Nc6 Bd6 28. b5 Ra8 29. Rc3 f6 30. Rd3 Rxa3 31. Rxa3 Bxa3 32. f3 Kd6 33. Nd8 Kd7 34. Nc6 Bf8 35. Kf2 Kd6 36. Ke3 Kc5 37. Nd8 Kxb5 38. Ne6 Bc5+ 39. Kd3 g5 40. Nc7+ Kc6 41. Nd5 f5 42. Nf6 f4 43. Nxh7 Be7 44. gxf4 gxf4 45. Kc4 b5+ 46. Kb3 Kc5 47. h4 Bxh4 48. Nf8 Kd4 49. Ng6 Bd8 50. Kb4 Bf6 51. Kxb5 Ke3 52. Kc4 Kxf3 53. Kd3 Kg2 54. Nf8 f3 55. Nh7 f2 0-1


[Site "https://www.chess.com"]

[Event "Titled Tuesday Blitz February 22 Early 2022"]
[White "Obolenskikh, Dmitry"]
[Black "Grandelius, Nils"]
[WhiteFideId "4156013"]
[BlackFideId "1710400"]
[WhiteElo "2512"]
[BlackElo "2617"]
[Result "0-1"]
[Round "09"]
[TimeControl "180+1"]
[Date "2022.02.22"]
[WhiteClock "0:00:54"]
[BlackClock "0:00:26"]

1. Nf3 e6 2. c4 d5 3. e3 Nf6 4. b3 b6 5. Bb2 Bd6 6. cxd5 exd5 7. Nc3 a6 8. d4 O-O 9. Be2 Bb7 10. O-O Nbd7 11. Rc1 Qe7 12. Rc2 Ne4 13. Qc1 f5 14. g3 Rae8 15. Rd1 g5 16. Bf1 f4 17. exf4 gxf4 18. Bg2 Qg7 19. Ba3 Bxa3 20. Qxa3 Ndf6 21. Ne2 fxg3 22. hxg3 Ng4 23. Rf1 Re7 24. Qc1 Ref7 25. Nf4 c5 26. Ne6 Qf6 27. Nxf8 Rxf8 28. dxc5 bxc5 29. Rxc5 Nxc5 30. Qxc5 d4 31. Nxd4 Bxg2 32. Kxg2 Ne3+ 33. Kg1 Nxf1 34. Qc4+ Kh8 35. Qxf1 Qxd4 0-1


[Site "https://www.chess.com"]

[Event "Titled Tuesday Blitz February 22 Early 2022"]
[White "Obolentseva, Alexandra"]
[Black "Dronavalli, Harika"]
[WhiteFideId "24153648"]
[BlackFideId "5015197"]
[WhiteElo "2113"]
[BlackElo "2382"]
[Result "1/2-1/2"]
[Round "09"]
[TimeControl "180+1"]
[Date "2022.02.22"]
[WhiteClock "0:00:21"]
[BlackClock "0:00:19"]

1. d4 Nf6 2. c4 c5 3. d5 e6 4. Nc3 exd5 5. cxd5 d6 6. e4 g6 7. Nge2 Bg7 8. Ng3 O-O 9. Be2 a6 10. a4 h5 11. O-O Re8 12. Bg5 Nbd7 13. f4 Qb6 14. Qd2 Nh7 15. Bh4 Qb4 16. Rae1 Qd4+ 17. Qxd4 Bxd4+ 18. Kh1 b6 19. Bf3 Rb8 20. Nge2 Bg7 21. Bg3 b5 22. axb5 axb5 23. e5 dxe5 24. Nc1 b4 25. Ne4 Ba6 26. Be2 exf4 27. Bxf4 Bxe2 28. Rxe2 Ra8 29. Rfe1 c4 30. h3 Nhf8 31. Nd6 Rxe2 32. Nxe2 c3 33. bxc3 bxc3 34. Rc1 Nb6 35. Nxc3 Bxc3 36. Rxc3 Nxd5 37. Rf3 Nxf4 38. Rxf4 Ra7 39. Ne4 Ne6 40. Nf6+ Kg7 41. Rf2 Ra8 42. Kh2 Rd8 43. Ne4 Rd4 44. Nf6 h4 45. Ng4 f5 46. Ne5 Kf6 47. Nf3 Re4 48. Ra2 g5 49. Ra6 Ke7 50. Ra7+ Kf6 51. Ra6 Rf4 52. Nxg5 Kxg5 53. Rxe6 Rf2 54. Re3 Rb2 55. Ra3 Re2 56. Ra8 Kf4 57. Ra4+ Re4 58. Ra3 Kg5 59. Ra5 Kf6 60. Ra6+ Kg5 61. Ra5 Rd4 62. Ra6 f4 63. Ra5+ Kg6 64. Ra6+ Kf5 65. Ra8 Rd2 66. Rf8+ Ke4 67. Re8+ Kd3 68. Rf8 Ke3 69. Re8+ Kf2 70. Rf8 Rd4 71. Rf7 Re4 72. Rf8 Ke3 73. Kg1 Rd4 74. Re8+ Re4 75. Ra8 Rd4 76. Re8+ Re4 77. Ra8 Rd4 78. Re8+ 1/2-1/2


[Site "https://www.chess.com"]

[Event "Titled Tuesday Blitz February 22 Early 2022"]
[White "Oparin, Grigoriy"]
[Black "Szpar, Milosz"]
[WhiteFideId "24125890"]
[BlackFideId "1184989"]
[WhiteElo "2685"]
[BlackElo "2447"]
[Result "1/2-1/2"]
[Round "09"]
[TimeControl "180+1"]
[Date "2022.02.22"]
[WhiteClock "0:01:18"]
[BlackClock "0:00:08"]

1. d4 Nf6 2. c4 e6 3. Nf3 c5 4. Nc3 cxd4 5. Nxd4 b6 6. e4 d6 7. f3 Bb7 8. Be3 Nbd7 9. Qd2 Be7 10. a4 O-O 11. Be2 Rc8 12. O-O Qc7 13. a5 Qb8 14. axb6 Nxb6 15. b3 d5 16. cxd5 exd5 17. e5 Qxe5 18. Rxa7 Bb4 19. Rxb7 Bxc3 20. Qd3 Nbd7 21. f4 Qe4 22. Qxe4 dxe4 23. Nf5 Rb8 24. Ne7+ Kh8 25. Rxb8 Rxb8 26. Bc4 Ng4 27. Rd1 Nxe3 28. Rxd7 Nxc4 29. bxc4 e3 30. Kf1 g5 31. Nd5 Bd4 32. fxg5 Rb1+ 33. Ke2 Rb2+ 34. Kd1 Rxg2 35. Rxf7 Rxg5 36. Re7 Rg2 37. Nxe3 Bxe3 38. Rxe3 Rxh2 39. c5 Rh6 40. Kd2 Rc6 41. Rc3 Kg7 42. Kd3 Kf6 43. Kc4 h5 44. Kb5 Rc8 45. c6 Kg5 46. Rg3+ Kf4 47. Rg7 h4 48. c7 h3 49. Kc6 h2 50. Rh7 Kg3 51. Kb7 Rxc7+ 52. Kxc7 Kg2 53. Rxh2+ Kxh2 1/2-1/2


[Site "https://www.chess.com"]

[Event "Titled Tuesday Blitz February 22 Early 2022"]
[White "Ovetchkin, Roman"]
[Black "Andreikin, Dmitry"]
[WhiteFideId "4119991"]
[BlackFideId "4158814"]
[WhiteElo "2409"]
[BlackElo "2736"]
[Result "1-0"]
[Round "09"]
[TimeControl "180+1"]
[Date "2022.02.22"]
[WhiteClock "0:00:21"]
[BlackClock "0:00:06"]

1. d4 Nf6 2. c4 e6 3. g3 d5 4. Bg2 Bb4+ 5. Bd2 Be7 6. Nf3 O-O 7. O-O Nbd7 8. Qc2 c6 9. Rd1 a5 10. Bf4 a4 11. Nc3 Qa5 12. Nd2 a3 13. b3 b5 14. e4 Ba6 15. e5 Ne8 16. Bf1 Rc8 17. c5 b4 18. Ne2 f5 19. h4 Qd8 20. Nf3 h6 21. Qd2 Rb8 22. Bxh6 Bxe2 23. Bxe2 gxh6 24. Qxh6 Ng7 25. Ng5 Bxg5 26. hxg5 f4 27. g6 Rf5 28. Qh7+ Kf8 29. Qh8+ Ke7 30. Qxg7+ Ke8 31. Bg4 Rf8 32. Bxe6 Qe7 33. Qxe7+ Kxe7 34. g7 Kxe6 35. gxf8=Q Rxf8 36. Kg2 f3+ 37. Kf1 Rh8 38. Ke1 Rh2 39. Kd2 Rxf2+ 40. Ke3 Rb2 41. Kxf3 Nf8 42. Rh1 Ng6 43. Rh6 Kf5 44. Rah1 Rxa2 45. R1h5+ Ke6 46. Rxg6+ Kf7 47. Rxc6 Rb2 48. Rh7+ Kg8 49. Ra7 Rxb3+ 50. Kf4 1-0


[Site "https://www.chess.com"]

[Event "Titled Tuesday Blitz February 22 Early 2022"]
[White "Papasimakopoulos, Alexandros"]
[Black "Dev, Shah"]
[WhiteFideId "4244125"]
[BlackFideId "35019058"]
[WhiteElo "2340"]
[BlackElo "2098"]
[Result "1-0"]
[Round "09"]
[TimeControl "180+1"]
[Date "2022.02.22"]
[WhiteClock "0:00:35"]
[BlackClock "0:00:04"]

1. d4 d5 2. c4 c6 3. cxd5 cxd5 4. Bf4 Nf6 5. Nc3 Nc6 6. e3 a6 7. Bd3 Bg4 8. Nge2 e6 9. Rc1 Bd6 10. f3 Bh5 11. O-O Bg6 12. Na4 O-O 13. Nc5 Ra7 14. b3 e5 15. dxe5 Nxe5 16. Bxg6 Nxg6 17. Bxd6 Qxd6 18. Qd4 b6 19. Na4 Rb7 20. Rfd1 Qe6 21. Nac3 Re8 22. Nf4 Nxf4 23. exf4 h6 24. a4 Rbe7 25. b4 Qd6 26. Kf2 a5 27. bxa5 bxa5 28. Nb5 Re2+ 29. Kg1 Qb4 30. Qxb4 axb4 31. Nc7 Rc8 32. Nxd5 Rxc1 33. Nxf6+ gxf6 34. Rxc1 b3 35. Rb1 b2 36. h4 Rc2 37. Kh2 Kg7 38. a5 h5 39. a6 Rc6 40. Rxb2 Rxa6 41. g4 Kg6 42. f5+ Kh6 43. Rb7 Kg7 44. Rb3 Ra5 45. Kg3 Re5 46. Kf4 hxg4 47. fxg4 Re1 48. g5 Rf1+ 49. Rf3 Rh1 50. Kg4 Rg1+ 51. Kh5 fxg5 52. hxg5 f6 53. g6 Rg5+ 54. Kh4 Kh6 55. Rf4 Kg7 56. Kh3 Rg1 57. Rf3 Rg5 58. Rf1 Rh5+ 59. Kg4 Rg5+ 60. Kf4 Rg2 61. Ra1 Rf2+ 62. Ke4 Re2+ 63. Kf3 Re7 64. Ra6 Kh6 65. Rxf6 Kg5 66. Rf7 Re8 67. g7 Kh6 68. f6 Kh7 69. Rf8 1-0


[Site "https://www.chess.com"]

[Event "Titled Tuesday Blitz February 22 Early 2022"]
[White "Papp, Levente"]
[Black "Reprintsev, Alexander"]
[WhiteFideId "751243"]
[BlackFideId "14100541"]
[WhiteElo "2308"]
[BlackElo "2126"]
[Result "1-0"]
[Round "09"]
[TimeControl "180+1"]
[Date "2022.02.22"]
[WhiteClock "0:00:13"]
[BlackClock "0:00:08"]

1. c4 e5 2. g3 Nc6 3. Nc3 Bc5 4. Bg2 Nf6 5. e3 d5 6. Nxd5 Nxd5 7. cxd5 Nb4 8. Qb3 c6 9. Ne2 Nxd5 10. O-O O-O 11. a3 Bg4 12. Qc4 Bxe2 13. Qxe2 a5 14. b3 Qb6 15. Qc4 Rad8 16. Bb2 Rfe8 17. Rac1 Bf8 18. d3 g6 19. h4 Bg7 20. Kh2 Nf6 21. Rcd1 Ng4+ 22. Qxg4 Qxb3 23. Rb1 Qxd3 24. h5 f5 25. Qh4 e4 26. hxg6 hxg6 27. Bxg7 Kxg7 28. Rxb7+ Rd7 29. Rxd7+ Qxd7 30. Qg5 c5 31. Rc1 Rc8 32. g4 c4 33. gxf5 Qxf5 34. Qe7+ Kh6 35. Qxe4 Qh5+ 36. Kg1 c3 37. Qf4+ Kh7 38. Qf7+ Kh6 39. Qd7 Rc5 40. Qd4 c2 41. Qh8+ Kg5 42. f4+ Kh4 43. Qd8+ Kg3 44. Qd2 Qh2+ 45. Kf1 Kg4 46. Qe2+ Kf5 47. Rxc2 Rxc2 48. Qxc2+ Kg4 49. Qe2+ Kf5 50. Qf3 Qh4 51. Qe4+ Kg4 52. f5+ 1-0


[Site "https://www.chess.com"]

[Event "Titled Tuesday Blitz February 22 Early 2022"]
[White "Papp, Petra"]
[Black "Kostiukov, Alexandr"]
[WhiteFideId "739049"]
[BlackFideId "14108100"]
[WhiteElo "2259"]
[BlackElo "2202"]
[Result "0-1"]
[Round "09"]
[TimeControl "180+1"]
[Date "2022.02.22"]
[WhiteClock "0:00:13"]
[BlackClock "0:00:28"]

1. d4 g6 2. c4 Bg7 3. Nc3 d6 4. e4 e5 5. Nf3 exd4 6. Nxd4 Nc6 7. Be3 Nge7 8. Be2 O-O 9. O-O f5 10. exf5 Bxd4 11. Bxd4 Nxf5 12. Be3 Nxe3 13. fxe3 Rxf1+ 14. Bxf1 Be6 15. Nd5 Bxd5 16. Qxd5+ Kg7 17. c5 Qe7 18. cxd6 Qxe3+ 19. Kh1 Rd8 20. dxc7 Rxd5 21. c8=Q Qb6 22. Bc4 Qxb2 23. Rf1 Rf5 24. Qc7+ Kh6 25. Rg1 Ne5 26. Bg8 Ng4 27. Qxh7+ Kg5 28. h4+ Kf4 29. Rf1+ Kg3 30. Qc7+ Ne5 31. Rc1 Qxg2# 0-1


[Site "https://www.chess.com"]

[Event "Titled Tuesday Blitz February 22 Early 2022"]
[White "Pavlidou, Ekaterini"]
[Black "Johnson, Ben"]
[WhiteFideId "4213262"]
[BlackFideId "2010917"]
[WhiteElo "2127"]
[BlackElo "2225"]
[Result "1-0"]
[Round "09"]
[TimeControl "180+1"]
[Date "2022.02.22"]
[WhiteClock "0:01:55"]
[BlackClock "0:00:10"]

1. d4 Nf6 2. c4 e6 3. Nf3 d5 4. Nc3 Bb4 5. Qa4+ Nc6 6. e3 Bd7 7. Qc2 O-O 8. a3 Bxc3+ 9. Qxc3 Ne4 10. Qc2 Ng5 11. Nd2 h6 12. Bd3 dxc4 13. Nxc4 Re8 14. h4 e5 15. hxg5 exd4 16. gxh6 dxe3 17. Bxe3 b5 18. Bh7+ Kf8 19. Qc3 Qf6 20. Qxf6 gxf6 21. Nd2 Nd4 22. O-O-O Nf5 23. Bc5+ Nd6 24. Nf3 1-0


[Site "https://www.chess.com"]

[Event "Titled Tuesday Blitz February 22 Early 2022"]
[White "Petesch, Gabriel"]
[Black "Sargissyan, Sargis"]
[WhiteFideId "2032465"]
[BlackFideId "13303210"]
[WhiteElo "2374"]
[BlackElo "2174"]
[Result "0-1"]
[Round "09"]
[TimeControl "180+1"]
[Date "2022.02.22"]
[WhiteClock "0:00:15"]
[BlackClock "0:00:17"]

1. Nf3 Nf6 2. c3 g6 3. b3 Bg7 4. Bb2 O-O 5. e3 d6 6. Be2 e5 7. O-O e4 8. d4 exf3 9. Bxf3 d5 10. Nd2 c6 11. Re1 Bf5 12. Rc1 Nbd7 13. c4 Re8 14. Nf1 Ne4 15. Be2 Qh4 16. g3 Qe7 17. c5 h5 18. b4 Ndf6 19. f3 Bh3 20. fxe4 Nxe4 21. Bf3 Bh6 22. Bg2 Qd7 23. Rc2 h4 24. Bc1 Bxg2 25. Rxg2 h3 26. Rc2 Re7 27. Nd2 Rae8 28. Qf3 Ng5 29. Qf2 Qg4 30. Rc3 Ne4 31. Nxe4 Rxe4 32. Bd2 Bg7 33. Rcc1 Bh6 34. Re2 R8e6 35. Rce1 Bg7 36. Bc3 Rf6 37. Qxf6 Bxf6 38. a3 Bg5 39. Bd2 Qe6 40. Kf2 Qf5+ 41. Kg1 a6 42. Rf2 Qe6 43. Rfe2 Bf6 44. Kf2 Bg7 45. Bc1 Qf5+ 46. Kg1 Qe6 47. Kf2 Qf6+ 48. Kg1 Qf5 49. Rf2 Qe6 50. Rd1 Rxe3 51. Bxe3 Qxe3 52. Kf1 Bxd4 53. Rf4 Be5 54. Rf2 Qxa3 55. Re2 Bf6 56. Rf2 Kg7 57. Rf4 Qb3 58. Re1 Qd3+ 59. Re2 Bc3 60. Kf2 g5 61. Re3 Bd4 62. Rxd4 Qxd4 63. Kf3 Qxe3+ 64. Kxe3 f5 65. Kd4 Kf6 66. Ke3 Ke5 67. Kd3 d4 68. Kc4 Ke4 69. Kb3 d3 70. Ka4 Ke3 71. Ka5 d2 72. Kb6 d1=Q 73. Kxb7 Qb3 74. Kxc6 Qxb4 75. Kd6 Qxc5+ 76. Kxc5 Kf3 77. Kd5 Kg2 78. Ke5 Kxh2 79. Kxf5 Kxg3 80. Kxg5 h2 81. Kf5 h1=Q 82. Ke5 a5 83. Kd4 a4 84. Kc5 a3 0-1


[Site "https://www.chess.com"]

[Event "Titled Tuesday Blitz February 22 Early 2022"]
[White "Petrosyan, Manuel"]
[Black "Goryachkina, Aleksandra"]
[WhiteFideId "13300857"]
[BlackFideId "4147103"]
[WhiteElo "2592"]
[BlackElo "2426"]
[Result "0-1"]
[Round "09"]
[TimeControl "180+1"]
[Date "2022.02.22"]
[WhiteClock "0:00:02"]
[BlackClock "0:00:43"]

1. e4 c5 2. Nf3 e6 3. d4 cxd4 4. Nxd4 Nf6 5. Nc3 Nc6 6. Nxc6 bxc6 7. e5 Nd5 8. Ne4 Qc7 9. f4 f5 10. Nf2 Bb7 11. c4 Nb6 12. Qc2 c5 13. b3 Be7 14. Bb2 a5 15. a4 O-O 16. O-O-O d5 17. cxd5 Bxd5 18. Bb5 c4 19. Kb1 Rfc8 20. Rhe1 Qb7 21. Bd4 cxb3 22. Qb2 Nc4 23. Bxc4 Rxc4 24. Nd3 Rxa4 25. Bc5 Ra2 26. Qd4 b2 27. Bxe7 Qxe7 28. Nxb2 Rb8 29. Rd2 Qa3 30. Ree2 Ra1+ 0-1


[Site "https://www.chess.com"]

[Event "Titled Tuesday Blitz February 22 Early 2022"]
[White "Petrova, Irina"]
[Black "Krzywda, Andrzej"]
[WhiteFideId "14124122"]
[BlackFideId "1114565"]
[WhiteElo "1988"]
[BlackElo "2098"]
[Result "1-0"]
[Round "09"]
[TimeControl "180+1"]
[Date "2022.02.22"]
[WhiteClock "0:00:53"]
[BlackClock "0:00:10"]

1. e4 c5 2. Nf3 d6 3. Bb5+ Nd7 4. O-O Nf6 5. Re1 a6 6. Bf1 b5 7. a4 Bb7 8. axb5 axb5 9. Rxa8 Qxa8 10. Nc3 b4 11. Nb5 Qb8 12. Bc4 e6 13. d4 Be7 14. e5 dxe5 15. dxe5 Bxf3 16. Qxf3 Nd5 17. Bxd5 exd5 18. Nd6+ Bxd6 19. exd6+ Kf8 20. Qxd5 Nf6 21. Qxc5 h6 22. d7+ Kg8 23. Qf5 Qd8 24. Bd2 g6 25. Qb5 Qxd7 26. Qxd7 Nxd7 27. Re8+ Kg7 28. Rxh8 Kxh8 29. Bxb4 Kg7 30. Bc3+ f6 31. f3 Kf7 32. Kf2 Ke6 33. Ke3 Kd5 34. b3 f5 35. g3 Nc5 36. Bd4 Ne6 37. c4+ Kc6 38. b4 g5 39. b5+ Kd6 40. Ba7 h5 41. c5+ Nxc5 42. Bxc5+ Kxc5 43. h4 gxh4 44. gxh4 Kxb5 45. Kf4 Kc6 46. Kxf5 Kd5 47. Kg5 Ke5 48. f4+ Ke6 49. Kg6 Ke7 50. f5 Kf8 51. Kf6 Ke8 52. Kg7 Ke7 53. f6+ 1-0


[Site "https://www.chess.com"]

[Event "Titled Tuesday Blitz February 22 Early 2022"]
[White "Politov, Pavel Y."]
[Black "Murthy, Pappu"]
[WhiteFideId "24110515"]
[BlackFideId "2013401"]
[WhiteElo "2090"]
[BlackElo "1926"]
[Result "1-0"]
[Round "09"]
[TimeControl "180+1"]
[Date "2022.02.22"]
[WhiteClock "0:00:11"]
[BlackClock "0:00:03"]

1. e4 c5 2. Nf3 d6 3. d4 cxd4 4. Nxd4 Nf6 5. Nc3 g6 6. Be3 Bg7 7. f3 O-O 8. Qd2 Nc6 9. O-O-O d5 10. exd5 Nxd5 11. Nxc6 bxc6 12. Bd4 e5 13. Bc5 Re8 14. Ne4 Qc7 15. Bc4 Nb6 16. Bb3 Be6 17. Qd6 Qb7 18. Qd3 Bxb3 19. axb3 Nd5 20. Nd6 Qd7 21. Nxe8 Qxe8 22. Qa6 Nc7 23. Qc4 a5 24. Rhe1 Ne6 25. Bd6 c5 26. Bxe5 a4 27. b4 a3 28. b3 a2 29. Kb2 cxb4 30. Bxg7 Kxg7 31. Ra1 1-0


[Site "https://www.chess.com"]

[Event "Titled Tuesday Blitz February 22 Early 2022"]
[White "Popadic, Dragan"]
[Black "Pinheiro, Iung Alicio de O."]
[WhiteFideId "913650"]
[BlackFideId "2104350"]
[WhiteElo "2199"]
[BlackElo "2598"]
[Result "0-1"]
[Round "09"]
[TimeControl "180+1"]
[Date "2022.02.22"]
[WhiteClock "0:01:48"]
[BlackClock "0:00:58"]

1. e4 c5 2. Nc3 a6 3. d3 b5 4. g4 Bb7 5. Bg2 e6 6. Nh3 d5 7. O-O b4 8. Ne2 dxe4 9. Ng3 Nc6 10. Nxe4 Nf6 11. Nxf6+ gxf6 12. a3 Qc7 13. c3 Bd6 14. f4 Rg8 15. Kh1 O-O-O 16. axb4 cxb4 17. Be3 Ne7 18. Rg1 Nd5 19. Bd2 Bxf4 20. c4 Ne3 21. Qe2 Nxg2 22. Rxg2 Bxd2 23. Qxd2 Rxg4 0-1


[Site "https://www.chess.com"]

[Event "Titled Tuesday Blitz February 22 Early 2022"]
[White "Potapova, Margarita"]
[Black "Erdogdu, Mert"]
[WhiteFideId "14126869"]
[BlackFideId "6301495"]
[WhiteElo "2209"]
[BlackElo "2485"]
[Result "0-1"]
[Round "09"]
[TimeControl "180+1"]
[Date "2022.02.22"]
[WhiteClock "0:00:07"]
[BlackClock "0:00:08"]

1. e4 c5 2. Nf3 d6 3. d4 cxd4 4. Nxd4 Nf6 5. Nc3 a6 6. Be3 e6 7. f3 b5 8. Qd2 Bb7 9. O-O-O Nbd7 10. g4 Nb6 11. g5 Nfd7 12. Bd3 Rc8 13. Kb1 Ne5 14. Qe1 Be7 15. f4 Nec4 16. Bc1 Qc7 17. h4 b4 18. Nce2 a5 19. h5 O-O 20. g6 Bf6 21. gxf7+ Qxf7 22. Rg1 Kh8 23. Qg3 a4 24. Qg4 e5 25. Ne6 Rg8 26. f5 d5 27. Qg6 Qe7 28. Qg4 dxe4 29. Bxe4 b3 30. cxb3 axb3 31. a3 Nxa3+ 32. bxa3 Rxc1+ 33. Nxc1 Qxa3 34. Bxb7 e4 35. Nd4 Na4 0-1


[Site "https://www.chess.com"]

[Event "Titled Tuesday Blitz February 22 Early 2022"]
[White "Prieto Aranguren, Alain"]
[Black "Tillis., Bryan"]
[WhiteFideId "2268906"]
[BlackFideId "2059053"]
[WhiteElo "2235"]
[BlackElo "2417"]
[Result "1-0"]
[Round "09"]
[TimeControl "180+1"]
[Date "2022.02.22"]
[WhiteClock "0:00:36"]
[BlackClock "0:00:02"]

1. e4 Nf6 2. Nc3 d5 3. e5 Nfd7 4. f4 c5 5. Nf3 Nc6 6. Bb5 e6 7. Bxc6 bxc6 8. O-O c4 9. d3 cxd3 10. cxd3 Ba6 11. f5 exf5 12. Bg5 Be7 13. Bxe7 Qxe7 14. Qa4 Bxd3 15. Qxc6 O-O 16. Nxd5 Qc5+ 17. Qxc5 Nxc5 18. Rfd1 Be4 19. b4 Ne6 20. b5 Rfd8 21. Ne7+ Kf8 22. Nc6 Rxd1+ 23. Rxd1 Bxc6 24. bxc6 Rc8 25. Rd6 g5 26. h4 h6 27. Nd2 g4 28. Nc4 f4 29. h5 g3 30. Kf1 Rb8 31. Ke2 Rb4 32. Nd2 Rb2 33. a4 a5 34. Kf3 Rc2 35. Ne4 Ke7 36. Rd7+ Kf8 37. Nd6 1-0


[Site "https://www.chess.com"]